 Dungeon Sprint DCSS version 0.19-a0-1079-g88a7474 (webtiles) character file.

44 Kidiri the Slasher (level 3, -4/33 HPs)
             Began as a Minotaur Gladiator on Aug 6, 2016.
             Was an Initiate of Okawaru.
             Slain by a hill giant
             ... wielding a +0 giant club
              (22 damage)
             ... in the Dungeon (Sprint IX: "|||||||||||||||||||||||||||||").
             The game lasted 00:01:15 (253 turns).

Kidiri the Slasher (Minotaur Gladiator)              Turns: 253, Time: 00:01:16

Health: -4/33      AC:  8    Str: 20    XL:     3   Next: 39%
Magic:  2/2        EV: 15    Int:  5    God:    Okawaru [......]
Gold:   0          SH:  0    Dex: 10    Spells: 0 memorised, 2 levels left

rFire  . . .     SeeInvis .     q - +2 scimitar (holy)
rCold  . . .     Gourm    .     r - +1 scale mail
rNeg   . . .     Faith    .     (no shield)
rPois  .         Spirit   .     c - +0 hat
rElec  .         Dismiss  .     (no cloak)
rCorr  .         Reflect  .     (no gloves)
SustAt .         Harm     .     a - +0 pair of boots
MR     .....     NoTele   +     (no amulet)
Stlth  ..........               s - +2 ring of evasion
                                b - +2 ring of evasion

@:
A: retaliatory headbutt, horns 2
a: Renounce Religion


You were in the Dungeon.
You worshipped Okawaru.
Okawaru was noncommittal.
You were not hungry.

You visited 1 branch

Inventory:

Hand Weapons
 q - a +2 scimitar of holy wrath (weapon)
Missiles
 d - 3 throwing nets (quivered)
Armour
 a - a +0 pair of boots (worn)
 c - a +0 hat (worn)
 r - a +1 scale mail (worn)
Jewellery
 b - a +2 ring of evasion (left hand)
 s - a +2 ring of evasion (right hand)
Wands
 p - a wand of acid (7/15)
Scrolls
 k - 2 scrolls of blinking
 n - 3 scrolls of remove curse
 o - 2 scrolls of amnesia
Potions
 e - 5 potions of curing
 g - 3 potions of heal wounds
 h - a potion of haste
 i - 4 potions of magic
 j - a potion of berserk rage
 m - a potion of invisibility
Comestibles
 f - a bread ration
 l - 9 chunks of flesh


   Skills:
 + Level 3.8 Fighting
 * Level 5.8 Long Blades
 + Level 3.1 Throwing
 + Level 2.7 Armour
 * Level 5.0 Dodging
 + Level 0.0 Invocations


You had 2 spell levels left.
You didn't know any spells.

Dungeon Overview and Level Annotations

Branches:
Dungeon (1/1)

Altars:
Cheibriados
Dithmenos
Elyvilon
Fedhas
Gozag
Hepliaklqana
Kikubaaqudgha
Makhleb
Nemelex Xobeh
Okawaru
Pakellas
Qazlal
Ru
Sif Muna
Trog
Uskayaw
Vehumet
Xom
Yredelemnul
Zin
The Shining One
Beogh
Jiyva
Lugonu


Innate Abilities, Weirdness & Mutations

You reflexively headbutt those who attack you in melee.
You have a pair of horns on your head.


Message History

The centaur is heavily wounded.
You slash the hill giant! You headbutt the hill giant.
The hill giant is moderately wounded.
The hill giant closely misses you.
You riposte.
You slash the hill giant!
The hill giant is moderately wounded.
You barely miss the hill giant.
The hill giant is moderately wounded.
You hit the hill giant.
You headbutt the hill giant, but do no damage.
The hill giant is heavily wounded.
The hill giant hits you with a giant club!
You hit the hill giant.
The hill giant is heavily wounded.
The hill giant barely misses you. You furiously retaliate!
You headbutt the hill giant. You barely miss the hill giant.
You headbutt the hill giant.
The hill giant is severely wounded.
The hill giant hits you with a giant club!!
Ouch! That really hurt!
You die...

▓+▓
▓Z▓
▓.▓
▓y▓
▓5▓
▓c▓
▓C▓
▓@▓
▓.▓
▓.▓
▓[▓
▓[▓
▓.▓
▓(▓
▓|▓
▓.▓


You could see a hill giant, a wasp, a centaur, a crimson imp and a bat zombie.

Vanquished Creatures
  A worker ant (D)
  A gnoll (D)
  A dart slug (D)
  An orc (D)
  A ball python (D)
  A bat zombie (D)
  A bat (D)
  A goblin (D)
  A kobold (D)
  A rat (D)
10 creatures vanquished.

Notes
Turn   | Place    | Note
-------+----------+-------------------------------------------
     0 | D        | Kidiri the Minotaur Gladiator began the quest for the Orb.
     0 | D        | Reached XP level 1. HP: 18/18 MP: 0/0
     5 | D        | Reached skill level 1 in Armour
    22 | D        | Noticed a worker ant
    25 | D        | Reached XP level 2. HP: 25/25 MP: 1/1
    29 | D        | Reached skill level 5 in Long Blades
    29 | D        | Reached XP level 3. HP: 17/31 MP: 2/2
    31 | D        | Reached skill level 5 in Dodging
   178 | D        | Found a glowing silver altar of Zin.
   178 | D        | Found a glowing golden altar of the Shining One.
   178 | D        | Found an ancient bone altar of Kikubaaqudgha.
   178 | D        | Found a basalt altar of Yredelemnul.
   178 | D        | Found a shimmering altar of Xom.
   178 | D        | Found a radiant altar of Vehumet.
   179 | D        | Found an iron altar of Okawaru.
   180 | D        | Found a burning altar of Makhleb.
   181 | D        | Found a deep blue altar of Sif Muna.
   182 | D        | Found a bloodstained altar of Trog.
   183 | D        | Found a sparkling altar of Nemelex Xobeh.
   184 | D        | Found a white marble altar of Elyvilon.
   185 | D        | Found a roughly hewn altar of Beogh.
   186 | D        | Found a viscous altar of Jiyva.
   187 | D        | Became a worshipper of Warmaster Okawaru
   188 | D        | Found a corrupted altar of Lugonu.
   189 | D        | Found a blossoming altar of Fedhas.
   190 | D        | Found a snail-covered altar of Cheibriados.
   191 | D        | Found a shadowy altar of Dithmenos.
   192 | D        | Found a stormy altar of Qazlal.
   193 | D        | Found an opulent altar of Gozag.
   194 | D        | Found a sacrificial altar of Ru.
   195 | D        | Found an oddly glowing altar of Pakellas.
   196 | D        | Found a hide-covered altar of Uskayaw.
   197 | D        | Found a hazy altar of Hepliaklqana.
   244 | D        | Noticed a hill giant
   244 | D        | Noticed a wasp
   244 | D        | Noticed a centaur
   253 | D        | Slain by a hill giant

Vault maps used:
D:        linesprint

Skill      XL: |  1  2  3 |
---------------+----------+-----
Long Blades    | 4 5 |  5.8
Armour         | 1 2 |  2.7
Fighting       | 3 |  3.8
Throwing       | 3 |  3.1
Dodging        | 4 5 |  5.0

Action                   || total
-------------------------++-------
Melee: Long sword        ||    20
       Headbutt          ||     8
       Scimitar          ||    10
Dodge: Dodged            ||    22
